 Dungeon Crawl Stone Soup version 0.21.1-1-g345015fe64 (webtiles) character file.

51263 Knicklaso the Severer (level 14, 0/116 HPs)
             Began as a Demonspawn Wanderer on Apr 11, 2018.
             Was the Champion of Makhleb.
             Slain by a smoke demon (4 damage)
             ... summoned by an orc high priest
             ... on level 1 of the Orcish Mines.
             The game lasted 01:26:37 (17065 turns).

Knicklaso the Severer (Demonspawn Wanderer)        Turns: 17065, Time: 01:26:38

Health: 0/116      AC: 15    Str: 15    XL:     14   Next: 22%
Magic:  19/19      EV: 14    Int: 13    God:    Makhleb [******]
Gold:   938        SH:  0    Dex: 16    Spells: 13/13 levels left

rFire    + . .     SeeInvis .   V - +4 battleaxe
rCold    + . .     Gourm    .   (shield currently unavailable)
rNeg     . . .     Faith    .   k - +0 robe {MR+}
rPois    .         Spirit   .   E - +2 hat
rElec    .         Reflect  .   y - +2 cloak
rCorr    .         Harm     .   m - +0 pair of gloves
MR       ++...                  (no boots)
Stlth    ++........             G - amulet of regeneration
HPRegen  0.69/turn              i - +3 ring of protection
MPRegen  0.16/turn              H - +1 ring of slaying

@: drained
A: claws 1, icy blue scales 3, fire resistance 1, spiny 1, flame cloud immunity
a: Minor Destruction, Lesser Servant of Makhleb, Major Destruction, Greater
Servant of Makhleb, Renounce Religion


You were on level 1 of the Orcish Mines.
You worshipped Makhleb.
Makhleb was exalted by your worship.
You were not hungry.

You visited 3 branches of the dungeon, and saw 18 of its levels.

You collected 1263 gold pieces.
You spent 325 gold pieces at shops.

Inventory:

Hand Weapons
 V - a +4 battleaxe (weapon)
Armour
 k - a +0 robe of magic resistance (worn)
 m - a +0 pair of gloves (worn)
 y - a +2 cloak (worn)
 E - a +2 hat (worn)
 X - the +1 robe "Lojeshuy" {rPois}
   (You found it on level 3 of the Lair of Beasts)

   It protects you from poison.
Magical Staves
 u - an uncursed staff of summoning
Jewellery
 c - an uncursed ring of protection from cold
 i - a +3 ring of protection (left hand)
 z - a +3 ring of dexterity
 G - an amulet of regeneration (around neck)
 H - a +1 ring of slaying (right hand)
 O - the ring "Koulirurho" {rN+ Int+3}
   (You found it on level 8 of the Dungeon)

   [ring of positive energy]

   It affects your intelligence (+3).
   It protects you from negative energy.
Wands
 h - a wand of disintegration (32)
 A - a wand of iceblast (9)
 C - a wand of acid (5)
 L - a wand of flame (23)
 T - a wand of scattershot (6)
Scrolls
 e - 2 scrolls of blinking
 f - 8 scrolls of remove curse
 j - 2 scrolls of fear
 l - 4 scrolls of identify
 o - 7 scrolls of enchant weapon
 p - a scroll of enchant armour
 D - 2 scrolls of magic mapping
 K - a scroll of immolation
 M - 5 scrolls of teleportation
 Q - 4 scrolls of amnesia
 S - a scroll of fog
Potions
 a - a potion of flight
 b - a potion of agility
 n - a potion of might
 q - 3 potions of cancellation
 s - 4 potions of haste
 w - a potion of invisibility
 I - a potion of resistance
 N - 2 potions of magic
 P - 3 potions of lignification
 W - a potion of brilliance
 Z - a potion of mutation
Books
 t - Poghauk's Catalogue of Toxins and Air
   (You found it on level 11 of the Dungeon)

   Spells                             Type                      Level
   a - Mephitic Cloud                 Conjuration/Poison/Air       3
   b - Airstrike                      Air                          4
   c - Silence                        Hexes/Air                    5
 v - a book of Flames

   Spells                             Type                      Level
   a - Flame Tongue                   Conjuration/Fire             1
   b - Throw Flame                    Conjuration/Fire             2
   c - Conjure Flame                  Conjuration/Fire             3
   d - Inner Flame                    Hexes/Fire                   3
   e - Sticky Flame                   Conjuration/Fire             4
   f - Fireball                       Conjuration/Fire             5
 B - a book of Power

   Spells                             Type                      Level
   a - Iskenderun's Battlesphere      Conjuration/Charms           5
   b - Venom Bolt                     Conjuration/Poison           5
   c - Bolt of Magma                  Conjuration/Fire/Earth       5
   d - Iron Shot                      Conjuration/Earth            6
   e - Orb of Destruction             Conjuration                  7
   f - Spellforged Servitor           Conjuration/Summoning        7
 F - the Grimoire of Unholy Stones
   (You found it on level 6 of the Lair of Beasts)

   Spells                             Type                      Level
   a - Vampiric Draining              Necromancy                   3
   b - Bolt of Magma                  Conjuration/Fire/Earth       5
   c - Bolt of Draining               Conjuration/Necromancy       5
   d - Agony                          Necromancy                   5
 J - a book of Geomancy

   Spells                             Type                      Level
   a - Sandblast                      Earth                        1
   b - Passwall                       Transmutation/Earth          2
   c - Stone Arrow                    Conjuration/Earth            3
   d - Petrify                        Transmutation/Earth          4
   e - Lee's Rapid Deconstruction     Earth                        5
 R - a book of the Tempests

   Spells                             Type                      Level
   a - Static Discharge               Conjuration/Air              3
   b - Lightning Bolt                 Conjuration/Air              5
   c - Ignition                       Fire                         8
   d - Tornado                        Air                          9
   e - Shatter                        Earth                        9
 Y - a book of Callings

   Spells                             Type                      Level
   a - Summon Small Mammal            Summoning                    1
   b - Call Imp                       Summoning                    2
   c - Call Canine Familiar           Summoning                    3
   d - Summon Guardian Golem          Hexes/Summoning              3
   e - Summon Lightning Spire         Summoning/Air                4
   f - Summon Ice Beast               Ice/Summoning                4
Comestibles
 g - 25 rations
 r - 5 chunks of flesh


   Skills:
 + Level 12.8(11.9) Fighting
 + Level 17.4(16.5) Axes
 - Level 1.7(1.1) Throwing
 * Level 3.2(2.6) Armour
 * Level 4.4(3.7) Dodging
 - Level 1.7(1.1) Stealth
 - Level 7.7(7.0) Invocations


You had 13 spell levels left.
You didn't know any spells.

Dungeon Overview and Level Annotations

Branches:
Dungeon (11/15)            Temple (0/1) D:7            Lair (6/6) D:8
 Shoals (0/4) Lair:4       Spider (0/4) Lair:4        Slime (0/5) Lair:5
    Orc (1/2) D:9

Altars:
Ashenzari
Cheibriados
Elyvilon
Fedhas
Gozag
Hepliaklqana
Kikubaaqudgha
Makhleb
Nemelex Xobeh
Okawaru
Trog
Wu Jian
Yredelemnul

Shops:
D:7 **?

Annotations:
D:3 Sigmund
D:4 Name63's ghost, amateur GnWn
Lair:2 exclusion: 4 oklob plants
Lair:4 exclusion: orb spider


Innate Abilities, Weirdness & Mutations

You have sharp fingernails.
You are completely covered in icy blue scales. (AC +4, rC+)
Your flesh is heat resistant. (rF+)
You are partially covered in sharp spines.
You are immune to clouds of flame.


Message History

The orc warrior hits you from afar with a halberd of chopping!!
The orc sorcerer gestures at you while chanting.
The bolt of negative energy hits you!
You feel drained. The orc is struck by your spines.
You kill the orc!
Makhleb accepts your kill.
Things that are here:
a falchion; an orc corpse A demon appears!
The orc high priest calls down the wrath of Beogh upon you.
Beogh smites you!
* * * LOW HITPOINT WARNING * * *
The orc sorcerer hits you but does no damage.
The orc warrior hits you from afar with a halberd of chopping!
* * * LOW HITPOINT WARNING * * *
x2 The orc is struck by your spines.
The orc misses you.
The orc hits your hellwing but does no damage.
The smoke demon hits you but does no damage. x2
The smoke demon hits you.
You die...

...# .... #... .....
........ ### .........
## ##.## ...#..#..
...#..#...# ##.........
...oooo@3#####..........
.....4ooo..##...........
.$...4o.....#...##......
...o.......#....#...#...
.............$...#.###..
..#.#...........###.##..
.........##.....##......
o......##......#.#.....
.....>................


You could see an orc high priest, a hellwing, a smoke demon, an orc sorcerer, 2
orc warriors, 2 orc priests, 4 orcs and a friendly hellwing.

Vanquished Creatures
  A dire elephant (Lair:6)
  3 hydras
  A merfolk avatar (Lair:6)
  4 two-headed ogres
  The ghost of Oravi the Slicer, a novice HaFi of Okawaru (D:8)
  3 sea snakes (Lair:6)
  An orc sorcerer (Orc:1)
  3 elephants (Lair:6)
  Maurice (D:8)
  2 black mambas (Lair:6)
  10 spiny frogs
  4 torpor snails (Lair:1)
  A gargoyle (D:10)
  8 rime drakes
  9 komodo dragons
  A troll (D:11)
  9 polar bears
  3 hornets (Lair:6)
  A queen bee (D:10)
  8 hippogriffs
  9 blink frogs
  7 dream sheep (Lair:6)
  A spriggan (Lair:5)
  A wyvern (Lair:6)
  5 basilisks
  35 yaks
  Menkaure (D:7)
  9 water moccasins
  3 wargs
  7 porcupines
  9 orc warriors
  An ice beast (D:6)
  5 sky beasts
  3 phantoms
  2 necrophages
  2 black bears
  10 ogres
  28 wolves
  12 crocodiles
  5 centaurs
  2 big kobolds
  13 bullfrogs
  A wyvern zombie (D:9)
  A wyvern skeleton (D:10)
  5 scorpions
  A water moccasin zombie (D:5)
  18 killer bees (D:10)
  4 wights (D:10)
  3 howler monkeys
  2 centaur zombies
  2 crimson imps
  4 jellies
  7 orc priests
  22 orc wizards
  4 hounds
  3 centaur skeletons
  4 iguanas
  8 worker ants
  2 hound skeletons (D:6)
  A howler monkey skeleton (D:4)
  11 adders
  2 shadow imps (D:11)
  12 white imps (Lair:2)
  4 oozes
  An adder zombie (D:7)
  An adder skeleton (D:5)
  A worm (D:3)
  2 dart slugs
  5 leopard geckos
  64 orcs
  A ball python (D:6)
  6 giant cockroaches
  8 hobgoblins
  10 jackals
  11 kobolds
  3 quokkas
  9 bats
  5 frilled lizards
  5 goblins (D:2)
  A quokka zombie (D:9)
  6 rats (D:1)
  A fungus (Lair:5)
  2 plants (Lair:5)
507 creatures vanquished.

Vanquished Creatures (collateral kills)
  Gastronok (Lair:1)
  Nessos (Lair:5)
  5 hydras
  A sea snake (Lair:6)
  An orc knight (Orc:1)
  2 elephants (Lair:5)
  A black mamba (Lair:6)
  A rime drake (Lair:3)
  A hornet (Lair:6)
  A dream sheep (Lair:6)
  2 hippogriffs (Lair:6)
  3 blink frogs (Lair:6)
  A wyvern (Lair:6)
  3 yaks (Lair:6)
  A water moccasin (Lair:5)
  A porcupine (Lair:5)
  A crocodile (Lair:6)
27 creatures vanquished.

Vanquished Creatures (others)
  An orc (Orc:1)
  2 bushes (D:8)
  12 fungi
  39 plants
54 creatures vanquished.

Grand Total: 588 creatures vanquished

Notes
Turn   | Place    | Note
-------+----------+-------------------------------------------
     0 | D:1      | Knicklaso the Demonspawn Wanderer began the quest for the Orb.
     0 | D:1      | Knicklaso set off with: a +2 dagger, a scroll of blinking, a +0 quarterstaff, 11 poisoned needles, a +0 blowgun, a +0 robe, a ration
     0 | D:1      | Reached XP level 1. HP: 18/18 MP: 1/1
   268 | D:1      | Gained mutation: You are partially covered in sharp spines. [demonic ancestry]
   268 | D:1      | Reached XP level 2. HP: 21/24 MP: 2/2
   800 | D:2      | Gained mutation: Your flesh is heat resistant. (rF+) [demonic ancestry]
   800 | D:2      | Reached XP level 3. HP: 27/30 MP: 3/3
  1175 | D:2      | Found a burning altar of Makhleb.
  1194 | D:2      | Became a worshipper of Makhleb the Destroyer
  1235 | D:2      | Reached XP level 4. HP: 27/38 MP: 4/4
  1543 | D:3      | Reached skill level 5 in Fighting
  1543 | D:3      | Reached skill level 1 in Invocations
  1549 | D:3      | Found a blossoming altar of Fedhas.
  1741 | D:3      | Gained mutation: You are partially covered in icy blue scales. (AC +2) [demonic ancestry]
  1741 | D:3      | Reached XP level 5. HP: 43/44 MP: 5/7
  1895 | D:3      | Found a white marble altar of Elyvilon.
  2048 | D:3      | Noticed Sigmund
  2062 | D:3      | Reached * piety under Makhleb
  3155 | D:4      | Noticed Name63's ghost (amateur GnWn)
  3431 | D:5      | Entered Level 5 of the Dungeon
  3554 | D:4      | Noticed an ogre
  3566 | D:4      | Killed an ogre
  3566 | D:4      | Reached skill level 5 in Invocations
  3566 | D:4      | Gained mutation: You are immune to clouds of flame. [demonic ancestry]
  3566 | D:4      | Reached XP level 6. HP: 15/52 MP: 8/10
  4663 | D:5      | Reached XP level 7. HP: 58/58 MP: 11/11
  5056 | D:5      | Found an ornate altar of the Wu Jian Council.
  5079 | D:5      | Found an iron altar of Okawaru.
  5144 | D:5      | Reached skill level 1 in Axes
  5178 | D:5      | Reached skill level 2 in Axes
  5216 | D:5      | Reached XP level 8. HP: 65/65 MP: 13/13
  5330 | D:5      | Found a basalt altar of Yredelemnul.
  5330 | D:5      | Found a shattered altar of Ashenzari.
  5443 | D:6      | Reached ** piety under Makhleb
  5443 | D:6      | Reached skill level 3 in Axes
  5642 | D:6      | Reached skill level 4 in Axes
  5699 | D:6      | Reached skill level 5 in Axes
  6202 | D:6      | Found a shattered altar of Ashenzari.
  6362 | D:7      | Found Ehushry's General Store.
  6370 | D:7      | Bought a potion of agility for 52 gold pieces
  6370 | D:7      | Bought a scroll of enchant weapon for 97 gold pieces
  6383 | D:7      | Reached skill level 6 in Axes
  6383 | D:7      | Reached XP level 9. HP: 25/73 MP: 14/14
  6592 | D:7      | Found a staircase to the Ecumenical Temple.
  6625 | D:7      | Reached *** piety under Makhleb
  6711 | D:7      | Found an ancient bone altar of Kikubaaqudgha.
  6778 | D:7      | Found Loirilit's Assorted Antiques.
  6815 | D:7      | Reached skill level 7 in Axes
  6846 | D:7      | Noticed Menkaure
  6851 | D:7      | Killed Menkaure
  6943 | D:7      | Found Savemo's Magic Scroll Shoppe.
  6947 | D:7      | Bought a scroll of magic mapping for 56 gold pieces
  6947 | D:7      | Bought a scroll of immolation for 56 gold pieces
  6947 | D:7      | Bought a scroll of noise for 16 gold pieces
  6947 | D:7      | Bought a scroll of teleportation for 48 gold pieces
  7048 | D:7      | Found a bloodstained altar of Trog.
  7265 | D:8      | Noticed Maurice
  7317 | D:7      | Reached skill level 8 in Axes
  7532 | D:7      | Reached skill level 9 in Axes
  7580 | D:7      | Reached XP level 10. HP: 41/80 MP: 15/15
  7712 | D:8      | Noticed Oravi's ghost (novice HaFi)
  7713 | D:8      | Got a shimmering silver ring
  7734 | D:8      | Killed Oravi's ghost
  7734 | D:8      | Reached skill level 10 in Axes
  7758 | D:8      | Identified the ring "Koulirurho" {rN+ Int+3} (You found it on level 8 of the Dungeon)
  7760 | D:8      | Found a staircase to the Lair.
  7865 | D:8      | Killed Maurice
  7957 | D:8      | Found a hazy altar of Hepliaklqana.
  8030 | D:8      | Found an opulent altar of Gozag.
  8162 | D:9      | Found a staircase to the Orcish Mines.
  8162 | D:9      | Noticed a two-headed ogre
  8171 | D:8      | Killed a two-headed ogre
  8171 | D:8      | Reached skill level 11 in Axes
  8345 | D:9      | Noticed a two-headed ogre
  8355 | D:9      | Killed a two-headed ogre
  8409 | D:9      | Found a sparkling altar of Nemelex Xobeh.
  8412 | D:9      | Reached skill level 12 in Axes
  8450 | D:9      | Reached **** piety under Makhleb
  8633 | D:9      | Noticed a two-headed ogre
  9150 | D:10     | Entered Level 10 of the Dungeon
  9209 | D:10     | Reached XP level 11. HP: 86/86 MP: 16/16
  9376 | D:10     | Noticed a two-headed ogre
  9399 | D:10     | Killed a two-headed ogre
  9590 | D:10     | Reached skill level 13 in Axes
 10156 | D:11     | Identified Poghauk's Catalogue of Toxins and Air
 10171 | D:11     | Reached ***** piety under Makhleb
 10503 | Lair:1   | Entered Level 1 of the Lair of Beasts
 10729 | Lair:1   | Reached skill level 14 in Axes
 10844 | Lair:1   | Noticed Gastronok
 10860 | Lair:1   | Killed Gastronok
 10935 | Lair:1   | Found a snail-covered altar of Cheibriados.
 10974 | Lair:1   | Gained mutation: You are mostly covered in icy blue scales. (AC +3) [demonic ancestry]
 10974 | Lair:1   | Reached XP level 12. HP: 85/96 MP: 17/17
 11445 | Lair:2   | Reached skill level 10 in Fighting
 11562 | Lair:2   | Noticed a five-headed hydra
 12114 | Lair:3   | Got a wizard robe
 12121 | Lair:3   | Identified the +1 robe "Lojeshuy" {rPois} (You found it on level 3 of the Lair of Beasts)
 12152 | Lair:3   | Noticed a six-headed hydra
 12162 | Lair:3   | Killed a seven-headed hydra
 12162 | Lair:3   | Reached skill level 15 in Axes
 12249 | Lair:3   | You fall through a shaft for 3 floors!
 12249 | Lair:6   | Entered Level 6 of the Lair of Beasts
 12273 | Lair:6   | Noticed a seven-headed hydra
 12471 | Lair:5   | Found a staircase to the Slime Pits.
 12529 | Lair:5   | Noticed a seven-headed hydra
 12551 | Lair:5   | Killed a nine-headed hydra
 12805 | Lair:5   | Noticed Nessos
 12846 | Lair:5   | HP: 5/100 [Nessos/arrow (1)]
 12851 | Lair:5   | Killed Nessos
 13509 | Lair:4   | Found a hole to the Spider Nest.
 13519 | Lair:4   | Found a staircase to the Shoals.
 13533 | Lair:4   | Gained mutation: You are completely covered in icy blue scales. (AC +4, rC+) [demonic ancestry]
 13533 | Lair:4   | Reached XP level 13. HP: 102/106 MP: 18/18
 13540 | Lair:4   | Reached skill level 16 in Axes
 15556 | Lair:6   | Paralysed by a hornet for 2 turns
 15607 | Lair:6   | Reached skill level 17 in Axes
 15664 | Lair:6   | Noticed a dire elephant
 15686 | Lair:6   | Killed a dire elephant
 15951 | Lair:6   | Reached skill level 1 in Armour
 15959 | Lair:6   | Gained mutation: You have sharp fingernails. [demonic ancestry]
 15959 | Lair:6   | Reached XP level 14. HP: 116/116 MP: 19/19
 16053 | Lair:6   | Identified the Grimoire of Unholy Stones
 16098 | Lair:6   | Reached ****** piety under Makhleb
 16821 | Orc:1    | Entered Level 1 of the Orcish Mines
 17065 | Orc:1    | HP: 4/116 [orc warrior/halberd of chopping (2)]
 17065 | Orc:1    | Slain by a smoke demon

Skill      XL: |  1  2  3  4  5  6  7  8  9 10 11 12 13 14 |
---------------+-------------------------------------------+-----
Fighting       | 4 5 6 8 9 11 12 | 12.8
Invocations    | 2 5 6 7 |  7.7
Axes           | 2 6 9 12 14 15 17 | 17.4
Dodging        | 3 4 |  4.4
Armour         | 1 3 |  3.2
Throwing       | |  1.7
Stealth        | |  1.7

Action                   |  1- 3 |  4- 6 |  7- 9 | 10-12 | 13-15 || total
-------------------------+-------+-------+-------+-------+-------++-------
Melee: Dagger            |    82 |   207 |    74 |       |       ||   363
       Short sword       |       |       |   147 |       |       ||   147
       Battleaxe         |       |       |   137 |   576 |   363 ||  1076
 Fire: Blowgun           |    15 |    45 |    17 |       |       ||    77
Throw: Tomahawk          |       |     2 |       |     4 |       ||     6
Invok: Minor Destruction |       |       |       |     4 |     6 ||    10
       Lesser Servant of |       |       |       |    10 |    12 ||    22
       Major Destruction |       |       |       |     1 |       ||     1
  Use: Scroll            |       |     6 |     1 |    12 |     6 ||    25
       Potion            |       |     1 |     1 |    11 |     4 ||    17
 Stab: Sleeping          |     4 |     5 |       |       |       ||     9
       Distracted        |       |       |       |     2 |     3 ||     5
  Eat: Chunk             |     1 |     7 |     7 |    18 |     7 ||    40
       Ration            |       |     1 |     1 |     1 |     1 ||     4
Armor: Robe              |     6 |    38 |       |       |    16 ||    60
       Scale mail        |       |    12 |   200 |   317 |   250 ||   779
Dodge: Dodged            |    53 |    93 |   140 |   298 |   210 ||   794
